 Dungeon Crawl Stone Soup version 0.18-a0-486-gab6c0bd (console) character file.

137 bli the Digger (level 5, 0/28 HPs)
             Began as a Gargoyle Earth Elementalist on Dec 2, 2015.
             Slain by a worm (1 damage)
             ... on level 3 of the Dungeon.
             The game lasted 00:07:15 (2229 turns).

bli the Digger (Gargoyle Earth Elementalist)        Turns: 2229, Time: 00:07:16

Health: 0/28       AC:  7    Str: 11    XL:     5   Next: 20%
Magic:  4/11       EV:  6    Int: 17    God:
Gold:   74         SH:  0    Dex: 10    Spells: 2 memorised, 8 levels left

rFire  . . .     SeeInvis .     b - 76 stones
rCold  . . .     Clarity  .     e - +0 robe
rNeg   + . .     SustAt   .     (no shield)
rPois  ∞         Gourm    .     (no helmet)
rElec  +         Spirit   .     v - +0 cloak
rCorr  .         Dismiss  .     (no gloves)
rMut   .         Stasis   .     (no boots)
MR     .....                    n - amulet of inaccuracy (curse)
Stlth  ++........               (no ring)
                                (no ring)

@: very slightly contaminated, held, not resistant to hostile enchantments,
unstealthy
A: negative energy resistance 1, electricity resistance, unbreathing,
petrification resistance, rot immunity, AC +4
a: no special abilities


You were on level 3 of the Dungeon.
You were not hungry.

You visited 1 branch of the dungeon, and saw 3 of its levels.

You collected 74 gold pieces.

Inventory:

Hand Weapons
 a - a +1 whip of venom
 c - a +2 mace of protection
 h - a +0 club
 u - a +3 quarterstaff of chaos
Missiles
 b - 76 stones (in hand)
Armour
 e - a +0 robe (worn)
 v - a +0 cloak (worn)
Jewellery
 n - a cursed amulet of inaccuracy (around neck)
Scrolls
 k - a scroll of amnesia
 m - a scroll of remove curse {unknown}
 q - a scroll of identify
 r - a scroll of recharging {unknown}
 x - a scroll of blinking {unknown}
 y - a scroll of teleportation {unknown}
Potions
 g - 2 potions of resistance {unknown}
 i - a potion of brilliance {unknown}
 l - 2 potions of flight {unknown}
 o - 3 potions of curing {unknown}
 p - a potion of ambrosia {unknown}
 s - a potion of lignification {unknown}
 w - a potion of cancellation {unknown}
Books
 t - a book of Geomancy

   Spells                             Type                      Level
   a - Sandblast                      Earth                        1
   b - Stoneskin                      Transmutation/Earth          2
   c - Passwall                       Transmutation/Earth          3
   d - Stone Arrow                    Conjuration/Earth            3
   e - Petrify                        Transmutation/Earth          4
   f - Lee's Rapid Deconstruction     Earth                        5
Comestibles
 d - 2 bread rations
 f - a beef jerky
 j - 5 fruits
 z - a chunk of flesh


   Skills:
 + Level 2.0 Dodging
 - Level 2.1 Stealth
 * Level 4.1 Spellcasting
   Level 0.7 Transmutations
 + Level 4.4 Earth Magic


You had 8 spell levels left.
You knew the following spells:

 Your Spells              Type           Power        Failure   Level  Hunger
a - Sandblast             Erth           ###...       2%          1    None
b - Stone Arrow           Conj/Erth      ##....       21%         3    ###....


Dungeon Overview and Level Annotations

Branches:
Dungeon (3/15)

Altars:


Innate Abilities, Weirdness & Mutations

You are resistant to torment.
Your stone body is resilient (AC +4).
You are immune to poison.
You resist negative energy.
You are resistant to electric shocks.
You can survive without breathing.
You are immune to petrification.
You are immune to rotting.


Message History

* * * LOW HITPOINT WARNING * * *
The gnoll hits you from afar with a spear.
* * * LOW HITPOINT WARNING * * *
Casting: Sandblast
Confirm with . or Enter, or press ? or * to list all spells.
Aiming: Sandblast
Press: ? - help, Shift-Dir - straight line, f/p - gnoll
Aim: a gnoll, wielding a spear (moderately wounded)
The rocky blast hits the gnoll.
The gnoll is almost dead.
The gnoll hits you but does no damage. The gnoll barely misses you.
Casting: Sandblast
Confirm with . or Enter, or press ? or * to list all spells.
Aiming: Sandblast
Press: ? - help, Shift-Dir - straight line, f/p - gnoll
Aim: a gnoll, wielding a spear (moderately wounded)
The rocky blast misses the gnoll.
The rocky blast hits the gnoll.
The gnoll is severely wounded.
The gnoll barely misses you. The worm bites you.
You die...

#..........#
..........
#........###
####...........
...............
.............##
....(.....$....
......w@gg.....
.........)...##
..............#
...#...........
....#....#.##.#
.........#.# .
#..#....## . .<
#..... ..


You could see a worm and 2 gnolls.

Vanquished Creatures
  Crazy Yiuf (D:2)
  4 adders
  2 gnolls
  An ooze (D:1)
  A giant cockroach (D:2)
  11 goblins
  5 hobgoblins
  5 jackals
  6 kobolds
  A quokka (D:2)
  5 bats
  4 giant newts
  6 rats
52 creatures vanquished.

Notes
Turn   | Place    | Note
--------------------------------------------------------------
     0 | D:1      | bli the Gargoyle Earth Elementalist began the quest for the Orb.
     0 | D:1      | Reached XP level 1. HP: 10/10 MP: 3/3
   200 | D:1      | Reached XP level 2. HP: 9/15 MP: 0/5
   212 | D:1      | Reached skill level 4 in Earth Magic
   829 | D:1      | Reached XP level 3. HP: 19/19 MP: 2/6
  1368 | D:2      | Reached XP level 4. HP: 24/24 MP: 4/8
  1506 | D:2      | Noticed Crazy Yiuf
  1511 | D:2      | Killed Crazy Yiuf
  2029 | D:2      | Reached XP level 5. HP: 28/28 MP: 3/10
  2195 | D:2      | Learned a level 3 spell: Stone Arrow
  2227 | D:3      | HP: 1/28 [gnoll/spear (1)]
  2229 | D:3      | Slain by a worm

Vault maps used:
D:1:      dpeg_arrival_oval, corexii_item_surrounded_by_moat
D:2:      kennysheep_the_goblin_king, first_bread, uniq_crazy_yiuf_cottage
D:3:      uniq_sigmund, uniq_grinder

Action                   |  1- 3 |  4- 6 || total
-------------------------+-------+-------++-------
Melee: Club              |    15 |       ||    15
       Whip              |     3 |     6 ||     9
 Cast: Sandblast         |    37 |    38 ||    75
  Use: Scroll            |     1 |       ||     1
  Eat: Chunk             |     2 |     2 ||     4
